 Dungeon Sprint DCSS version 0.16-a0-3913-g9d9d7ce (webtiles) character file.

8078 BluebellGnoll the Warrior (level 11, -6/121 HPs)
             Began as a Minotaur Gladiator on Feb 4, 2015.
             Was the Champion of Makhleb.
             Mangled by an orc knight
             ... wielding a +0 battleaxe
              (18 damage)
             ... in the Dungeon (Sprint IX: "|||||||||||||||||||||||||||||").
             The game lasted 00:12:17 (1488 turns).

BluebellGnoll the Warrior (Minotaur Gladiator)      Turns: 1488, Time: 00:12:18

Health: -6/121     AC: 24    Str: 23    XL:     11   Next: 5%
Magic:  21/21      EV:  9    Int:  5    God:    Makhleb [******]
Gold:   1250       SH:  0    Dex: 14    Spells: 0 memorised, 10 levels left

rFire  + . .     SeeInvis .     o - +2 halberd (protect)
rCold  . . .     Clarity  .     E - +0 plate armour
rNeg   . . .     SustAb   .     (no shield)
rPois  .         Gourm    .     c - +0 hat (curse)
rElec  .         Spirit   .     D - +0 cloak
rCorr  .         Warding  .     p - +0 pair of gloves
rMut   .         NoTele   +     (no boots)
MR     .....                    (no amulet)
Stlth  ..........               s - +3 ring of dexterity
                                u - ring of protection from fire

@: not resistant to hostile enchantments, extremely unstealthy
A: retaliatory headbutt, horns 2
a: Minor Destruction, Lesser Servant of Makhleb, Major Destruction, Greater
Servant of Makhleb, Renounce Religion


You were in the Dungeon.
You worshipped Makhleb.
Makhleb was exalted by your worship.
You were not hungry.

You visited 1 branch You collected 1250 gold pieces.

Inventory:

Hand weapons
 a - a +0 trident
 o - a +2 halberd of protection (weapon)
Missiles
 d - 4 javelins (quivered)
 q - 4 tomahawks
Armour
 c - a cursed +0 hat (worn)
 p - a +0 pair of gloves (worn)
 D - a +0 cloak (worn)
 E - a +0 plate armour (worn)
Magical staves
 n - an uncursed staff of energy
Jewellery
 r - a +2 ring of evasion
 s - a +3 ring of dexterity (right hand)
 u - a ring of protection from fire (left hand)
 A - an uncursed ring of fire
Magical devices
 m - a wand of draining (1)
Scrolls
 j - 5 scrolls of remove curse
 k - 2 scrolls of blinking
 l - 2 scrolls of amnesia
 v - 2 scrolls of enchant weapon
 w - a scroll of identify
 x - 2 scrolls of enchant armour
 y - a scroll of fear
Potions
 b - a potion of brilliance
 e - 6 potions of curing
 g - 5 potions of heal wounds
 h - a potion of invisibility
 i - 4 potions of magic
 t - a potion of might
Comestibles
 f - 14 bread rations
 B - 40 fruits
 C - 12 meat rations


   Skills:
 - Level 18.9 Fighting
 + Level 12.1 Polearms
 - Level 2.0 Throwing
 - Level 14.3 Armour
 - Level 3.2 Dodging
 - Level 10.5 Invocations
 - Level 9.4 Evocations


You had 10 spell levels left.
You didn't know any spells.

Dungeon Overview and Level Annotations

Branches:
Dungeon (1/1)

Altars:
Cheibriados
Dithmenos
Elyvilon
Fedhas
Gozag
Kikubaaqudgha
Makhleb
Nemelex Xobeh
Okawaru
Qazlal
Ru
Sif Muna
Trog
Vehumet
Xom
Yredelemnul
Zin
The Shining One
Beogh
Jiyva
Lugonu

Shops:
D ?


Innate Abilities, Weirdness & Mutations

You reflexively headbutt those who attack you in melee.
You have a pair of horns on your head.


Message History

* * * LOW HITPOINT WARNING * * *
You see here a hand axe.
The soul eater draws from the surrounding life force!
* * * LOW HITPOINT WARNING * * *
Items here: ))))) [[[[
Things that are here:
a flail; a trident; a chain mail
Things that are here:
a dagger; a robe
There is an open door to the Orcish Mines, spattered with blood here.
Items here: ))) [[[ The soul eater draws from the surrounding life force!
* * * LOW HITPOINT WARNING * * *
The soul eater disappears in a puff of smoke!
The orc knight hits you with a battleaxe!
* * * LOW HITPOINT WARNING * * *
Things that are here:
a great mace; a glowing leather armour The orc knight hits you with a battleaxe!!
You die...

▓▓▓▓▓▓▓▓▓▓▓▓▓▓▓▓▓▓▓▓▓▓▓▓▓▓▓▓▓▓▓▓▓
.o....['))[.....)....')o)))......
▓▓▓▓▓▓▓▓▓▓▓▓▓▓▓▓▓▓▓▓▓▓▓▓▓▓▓▓▓▓▓▓▓
........o....).o@................
▓▓▓▓▓▓▓▓▓▓▓▓▓▓▓▓▓▓▓▓▓▓▓▓▓▓▓▓▓▓▓▓▓
.'.......)..†.†÷.....††..÷%......
▓▓▓▓▓▓▓▓▓▓▓▓▓▓▓▓▓▓▓▓▓▓▓▓▓▓▓▓▓▓▓▓▓
.................................
▓▓▓▓▓▓▓▓▓▓▓▓▓▓▓▓▓▓▓▓▓▓▓▓▓▓▓▓▓▓▓▓▓
)....†.....'_____________________
▓▓▓▓▓▓▓▓▓▓▓▓▓▓▓▓▓▓▓▓▓▓▓▓▓▓▓▓▓▓▓▓▓


You could see 2 orc knights.

Vanquished Creatures
  Urug (D)
  4 orc knights (D)
  4 lindwurms (D)
  A griffon (D)
  A spiny frog (D)
  A troll (D)
  A blink frog (D)
  A yak (D)
  A vampire mosquito (D)
  3 hippogriffs (D)
  A water moccasin (D)
  3 porcupines (D)
  8 orc warriors (D)
  A phantom (D)
  A boring beetle (D)
  An ogre (D)
  A brain worm (D)
  3 crocodiles (D)
  A crimson imp (D)
  A hound (D)
  3 orc priests (D)
  2 worker ants (D)
  2 orc wizards (D)
  A sheep (D)
  A mummy (D)
  3 adders (D)
  A river rat (D)
  3 worms (D)
  9 orcs (D)
  2 giant cockroaches (D)
  A hobgoblin (D)
  2 kobolds (D)
  A quokka (D)
  A bat (D)
  A giant gecko zombie (D)
72 creatures vanquished.

Vanquished Creatures (others)
  An ice beast (D)
  A giant spore (D)
  3 plants (D)
5 creatures vanquished.

Grand Total: 77 creatures vanquished

Notes
Turn   | Place    | Note
--------------------------------------------------------------
     0 | D        | BluebellGnoll, the Minotaur Gladiator, began the quest for the Orb.
     0 | D        | Reached XP level 1. HP: 18/18 MP: 1/1
     9 | D        | Reached skill level 4 in Fighting
    23 | D        | Reached skill level 5 in Fighting
   149 | D        | Noticed a crimson imp
   149 | D        | Noticed a hound
   149 | D        | Noticed a worker ant
   159 | D        | Reached skill level 6 in Fighting
   159 | D        | Reached XP level 2. HP: 16/31 MP: 1/1
   163 | D        | Killed a hound
   163 | D        | Reached skill level 8 in Fighting
   163 | D        | Reached XP level 3. HP: 11/41 MP: 2/2
   168 | D        | Killed a worker ant
   168 | D        | Reached skill level 10 in Fighting
   168 | D        | Reached XP level 4. HP: 15/51 MP: 2/2
   172 | D        | Killed a crimson imp
   172 | D        | Reached skill level 11 in Fighting
   179 | D        | Found a glowing silver altar of Zin.
   179 | D        | Found a glowing golden altar of the Shining One.
   179 | D        | Found an ancient bone altar of Kikubaaqudgha.
   179 | D        | Found a basalt altar of Yredelemnul.
   179 | D        | Found a shimmering altar of Xom.
   179 | D        | Found a radiant altar of Vehumet.
   179 | D        | Found an iron altar of Okawaru.
   180 | D        | Found a burning altar of Makhleb.
   181 | D        | Found a deep blue altar of Sif Muna.
   182 | D        | Found a bloodstained altar of Trog.
   183 | D        | Found a sparkling altar of Nemelex Xobeh.
   184 | D        | Found a white marble altar of Elyvilon.
   185 | D        | Found a roughly hewn altar of Beogh.
   186 | D        | Found a viscous altar of Jiyva.
   187 | D        | Found a corrupted altar of Lugonu.
   188 | D        | Found a blossoming altar of Fedhas.
   189 | D        | Became a worshipper of Makhleb the Destroyer
   190 | D        | Found a snail-covered altar of Cheibriados.
   191 | D        | Found a shadowy altar of Dithmenos.
   192 | D        | Found a stormy altar of Qazlal.
   193 | D        | Found an opulent altar of Gozag.
   194 | D        | Found a sacrificial altar of Ru.
   442 | D        | Noticed an ice beast
   442 | D        | Noticed an ogre
   442 | D        | Noticed a worker ant
   442 | D        | Noticed a troll
   442 | D        | Killed an ice beast
   450 | D        | Killed an ogre
   450 | D        | Reached XP level 5. HP: 53/61 MP: 2/2
   454 | D        | Acquired Makhleb's first power
   457 | D        | Killed a worker ant
   457 | D        | Reached skill level 5 in Armour
   463 | D        | Killed a troll
   463 | D        | Reached skill level 10 in Polearms
   463 | D        | Reached XP level 6. HP: 45/68 MP: 3/3
   570 | D        | Noticed a hippogriff
   570 | D        | Noticed a vampire mosquito
   570 | D        | Noticed a phantom
   570 | D        | Noticed a crocodile
   573 | D        | Acquired Makhleb's second power
   576 | D        | Killed a hippogriff
   576 | D        | Reached skill level 12 in Fighting
   576 | D        | Reached XP level 7. HP: 74/78 MP: 3/3
   580 | D        | Killed a vampire mosquito
   580 | D        | Reached skill level 13 in Fighting
   587 | D        | Killed a crocodile
   587 | D        | Acquired Makhleb's third power
   587 | D        | Reached skill level 14 in Fighting
   589 | D        | Killed a phantom
   705 | D        | Noticed a blink frog
   705 | D        | Noticed a porcupine
   705 | D        | Noticed a yak
   705 | D        | Noticed a porcupine
   705 | D        | Noticed a hippogriff
   706 | D        | Acquired Makhleb's fourth power
   708 | D        | Killed a porcupine
   716 | D        | Killed a yak
   716 | D        | Reached skill level 5 in Evocations
   716 | D        | Reached XP level 8. HP: 90/90 MP: 3/10
   730 | D        | Killed a porcupine
   735 | D        | Killed a hippogriff
   735 | D        | Acquired Makhleb's fifth power
   742 | D        | Killed a blink frog
   762 | D        | Noticed a spiny frog
   762 | D        | Noticed a crocodile
   762 | D        | Noticed a crocodile
   762 | D        | Noticed a griffon
   762 | D        | Noticed a boring beetle
   762 | D        | Noticed a hippogriff
   766 | D        | Noticed a water moccasin
   767 | D        | Killed a spiny frog
   767 | D        | Reached skill level 5 in Invocations
   771 | D        | Killed a crocodile
   771 | D        | Reached XP level 9. HP: 61/96 MP: 12/18
   772 | D        | Noticed a porcupine
   772 | D        | Killed a crocodile
   780 | D        | Killed a griffon
   794 | D        | Killed a boring beetle
   799 | D        | Killed a hippogriff
   805 | D        | Killed a water moccasin
   805 | D        | Reached skill level 10 in Invocations
   806 | D        | Killed a porcupine
   868 | D        | Noticed a brain worm
   868 | D        | Noticed a lindwurm
   868 | D        | Noticed a lindwurm
   868 | D        | Noticed a lindwurm
   871 | D        | Killed a brain worm
   874 | D        | Killed a lindwurm
   874 | D        | Reached skill level 15 in Fighting
   883 | D        | Noticed a lindwurm
   887 | D        | Killed a lindwurm
   887 | D        | Reached skill level 16 in Fighting
   888 | D        | Killed a lindwurm
   888 | D        | Reached skill level 17 in Fighting
   888 | D        | Reached XP level 10. HP: 108/111 MP: 21/21
   897 | D        | Killed a lindwurm
   897 | D        | Reached skill level 18 in Fighting
   982 | D        | Noticed Urug
   997 | D        | Killed Urug
  1051 | D        | Noticed an orc priest
  1051 | D        | Noticed an orc warrior
  1051 | D        | Noticed an orc wizard
  1055 | D        | Killed an orc priest
  1062 | D        | Killed an orc warrior
  1064 | D        | Noticed an orc warrior
  1065 | D        | Killed an orc wizard
  1067 | D        | Noticed an orc wizard
  1074 | D        | Noticed an orc priest
  1074 | D        | Killed an orc warrior
  1079 | D        | Killed an orc wizard
  1089 | D        | Killed an orc priest
  1150 | D        | Noticed an orc warrior
  1150 | D        | Noticed an orc warrior
  1150 | D        | Noticed an orc warrior
  1150 | D        | Noticed an orc warrior
  1150 | D        | Noticed an orc warrior
  1150 | D        | Noticed an orc knight
  1150 | D        | Noticed an orc knight
  1152 | D        | Killed an orc warrior
  1153 | D        | Noticed an orc knight
  1157 | D        | Killed an orc warrior
  1165 | D        | Killed an orc warrior
  1171 | D        | Noticed an orc warrior
  1172 | D        | Noticed an orc priest
  1178 | D        | Killed an orc knight
  1180 | D        | Killed an orc warrior
  1190 | D        | Noticed an orc knight
  1190 | D        | Killed an orc knight
  1193 | D        | Killed an orc warrior
  1193 | D        | Killed an orc warrior
  1203 | D        | Killed an orc knight
  1203 | D        | Killed an orc priest
  1206 | D        | Killed an orc knight
  1206 | D        | Reached XP level 11. HP: 55/121 MP: 21/21
  1423 | D        | Found Meadaet's Magic Scroll Emporium.
  1423 | D        | Noticed an orc knight
  1423 | D        | Noticed an orc knight
  1423 | D        | Noticed an orc high priest
  1423 | D        | Noticed an orc high priest
  1423 | D        | Noticed an orc high priest
  1423 | D        | Noticed an orc high priest
  1426 | D        | Noticed a sun demon
  1429 | D        | Noticed a soul eater
  1466 | D        | HP: 5/121 [orc knight/battleaxe (15)]
  1488 | D        | Mangled by an orc knight

Action                   |  1- 3 |  4- 6 |  7- 9 | 10-12 || total
-------------------------+-------+-------+-------+-------++-------
Melee: Trident           |    37 |     4 |       |       ||    41
       Halberd           |       |    18 |   104 |   101 ||   223
Throw: Throwing net      |       |     3 |       |     1 ||     4
Invok: Major Destruction |       |       |     2 |     5 ||     7
       Greater Servant o |       |       |       |     1 ||     1
Evoke: Wand              |       |     2 |     1 |     3 ||     6
  Use: Potion            |     2 |     1 |       |       ||     3
  Eat: Chunk             |       |       |     1 |     3 ||     4
